[Event "Reykjavik Open 2024"]
[Site "Reykjavik"]
[Date "2024.03.18"]
[Round "5.8"]
[White "Nevednichy, Vladislav"]
[Black "Adhiban, B.."]
[Result "1/2-1/2"]
[ECO "B51"]
[WhiteElo "2445"]
[BlackElo "2541"]
[Annotator "TA"]
[PlyCount "90"]
[EventDate "2024.03.12"]
[EventCountry "ISL"]
[SourceTitle "playchess.com"]
[Source "ChessBase"]
[SourceQuality "1"]
[TimeControl "40/5400+30:1800+30"]

1. e4 c5 2. Nf3 d6 3. Bb5+ Nd7 4. O-O Ngf6 5. Re1 a6 6. Bf1 b6 7. d4 cxd4 8. Nxd4 Bb7 9. c4 e6 10. Nc3 Be7 11. f3 O-O 12. Be3 Rc8 {[%emt 0:03:52] White is slightly better.} 13. Qd2 Qc7 14. Rac1 Qb8 15. Kh1 Rfe8 16. Bg1 Bd8 17. b4 h5 18. Nb3 h4 19. Red1 h3 20. Qxd6 ({Of course not} 20. gxh3 Ne5 21. Qg2 Nxc4 $17) 20... hxg2+ (20... Bc7 $5 21. Qd4 Bf4 $11) 21. Kxg2 {[%emt 0:03:01] Qxb8 would now be deadly.} Bc7 22. Qd2 Bf4 23. Qf2 Bxc1 (23... g5 {feels hotter.} 24. c5 g4 25. Be2 a5) 24. Rxc1 Red8 (24... Nh5 $15 25. Qh4 Nf4+ 26. Kh1 Rf8) 25. Qg3 $11 e5 26. Be3 Qd6 27. c5 bxc5 28. bxc5 Qe6 (28... Nxc5 $11 29. Nxc5 (29. Rd1 Nxb3 30. Rxd6 Rxd6 $11) 29... Rxc5) 29. Kh1 Nh5 ({Black should play} 29... Qe7 $14) 30. Qh4 Nf4 31. Bxf4 (31. Na5 $1 $14 Ba8 (31... Nxc5 32. Bxc5 Rd7 33. Bc4 $16) 32. Bc4) 31... exf4 32. Bh3 Qe5 33. Qf2 (33. Nb1 $11) 33... Rxc5 (33... Nxc5 $17 34. Bxc8 Nxb3 (34... Rxc8 35. Ne2 $15) 35. axb3 Rxc8) 34. Nxc5 $15 Nxc5 35. Bf1 {[%emt 0:04:34] Against Rd3} (35. Qc2 $1 $15) 35... Ne6 (35... Nd3 $17 36. Qb6 Rd6 37. Qxb7 Nxc1) 36. Bc4 ({White should try} 36. Qa7 $15 Qc7 37. Ne2) 36... Rc8 37. Bxe6 Rxc3 38. Rxc3 Qxc3 $17 {[%emt 0:00:02][%mdl 4096] Endgame. KQB-KQB} 39. Bb3 Bc8 40. Kg2 {[%emt 0:00:19] Inhibits Bh3+.} g5 ({Better is} 40... a5 $15) 41. h4 $11 {[%emt 0:31:12] The position is equal.} gxh4 42. Qxh4 Qd2+ 43. Kg1 Qc1+ 44. Kg2 Qd2+ 45. Kg1 Qc1+ {[%emt 0:00:00] Weighted Error Value: White=0.18 (very precise) /Black=0.18 (very precise) .  Mistake:       	White=5     	Black=6      Inaccurate:     	White=3     	Black=1      OK:         	White=7     	Black=8      Best:        	White=2     	---} 1/2-1/2

[Event "Reykjavik Open 2024"]
[Site "Reykjavik"]
[Date "2024.03.18"]
[Round "5.9"]
[White "Thorfinnsson, Bjorn"]
[Black "Xu, Xiangyu"]
[Result "0-1"]
[ECO "D02"]
[WhiteElo "2353"]
[BlackElo "2623"]
[Annotator "TA"]
[PlyCount "102"]
[EventDate "2024.03.12"]
[EventCountry "ISL"]
[SourceTitle "playchess.com"]
[Source "ChessBase"]
[SourceQuality "1"]
[TimeControl "40/5400+30:1800+30"]

1. d4 Nf6 2. Nf3 d5 3. c3 Bf5 4. h3 e6 5. Nh4 Be4 6. Nd2 h6 7. Nxe4 dxe4 8. g3 {[%emt 0:00:51] Schwarz steht etwas besser.} c5 9. Ng2 cxd4 10. Qxd4 Qxd4 11. cxd4 Nc6 12. e3 Rc8 13. Bd2 a6 14. Rc1 Bd6 15. b4 Ke7 (15... Bxb4 $2 16. Bxb4 Kd7 17. Bc5 $18) 16. Rb1 b5 17. a4 Rb8 {[%emt 0:00:30] Schwarz hat aktiveres Spiel. Die weißen Türme stehen passiv.} 18. axb5 axb5 19. Nf4 e5 20. Ne2 exd4 21. Nxd4 Nxd4 22. exd4 Rhc8 23. Bg2 Rc2 24. Ke2 $1 Rbc8 {[%emt 0:03:13] Droht ...Nd5 und aus.} 25. Rhc1 Rxc1 26. Bxc1 ({Vorzuziehen ist} 26. Rxc1 $15 Rxc1 27. Bxc1) 26... Rc4 27. Bd2 Rxd4 28. Bc3 Rc4 29. Bxf6+ (29. Ba1 $142) 29... gxf6 $17 {[%emt 0:01:38][%mdl 4096] Endspiel. KRB-KRB} 30. Ke3 f5 (30... Rxb4 31. Rxb4 Bxb4 32. Bxe4 $11) 31. Bf1 Rc2 {[%emt 0:02:24] ...Bc7 ist eine echte Drohung.} (31... Rxb4 32. Rxb4 Bxb4 33. Bxb5 $11) 32. g4 $1 Kf6 {[%emt 0:07:57] Zielt auf ...Bc7 ab.} 33. Bxb5 Rc3+ 34. Kd2 Rxh3 35. gxf5 Bf4+ 36. Ke2 Rc3 {[%emt 0:00:07][%cal Oh6h5] Lässt Bc6 nicht zu} (36... Kxf5 $2 37. Bd7+ Ke5 38. Bxh3 $18) 37. Ba4 (37. Be8 $15 {sieht stärker aus.}) 37... Bc7 ({Ein No Go ist} 37... Kxf5 38. b5 $11) 38. Rb2 Kxf5 39. Rc2 (39. Rb3 $17 Rc2+ 40. Ke1) 39... Rxc2+ $19 40. Bxc2 {[%emt 0:00:05] KB-KB} Kf4 41. Bd1 $2 (41. Ba4) 41... h5 42. Kf1 h4 43. Kg2 Bb6 $1 {[%emt 0:00:05] Weiss muss nun ...f5 beachten.} 44. f3 e3 {[%emt 0:00:01] ( -> ...Ke5)} 45. Kh3 Bd8 $1 {[%emt 0:00:13] Schwarz setzt Matt.} 46. b5 {[%emt 0:00:00] [#]} Ke5 $1 47. f4+ {[%emt 0:00:00] [#]} Kd4 $1 ({Schlechter ist} 47... Kxf4 48. b6 $11) 48. f5 Kd3 49. f6 e2 50. Bxe2+ Kxe2 51. Kxh4 Kf3 {[%emt 0:00:04] Gewichteter Fehlerwert: Weiß=0.41/Schwarz=0.05 (makellos) .  Fehler:       	Weiß=6     	---        Ungenau:       	---       	Schwarz=3     OK:         	Weiß=13    	Schwarz=18    Bester:       	Weiß=3     	Schwarz=2     Stark:        	Weiß=2     	---} ({Minderwertig wäre} 51... Bxf6+ 52. Kg4 $11) 0-1

[Event "Reykjavik Open 2024"]
[Site "Reykjavik"]
[Date "2024.03.18"]
[Round "5.10"]
[White "Lu, Maximillian"]
[Black "Deac, Bogdan-Daniel"]
[Result "0-1"]
[ECO "D00"]
[WhiteElo "2375"]
[BlackElo "2690"]
[Annotator "TA"]
[PlyCount "120"]
[EventDate "2024.03.12"]
[EventCountry "ISL"]
[SourceTitle "playchess.com"]
[Source "ChessBase"]
[SourceQuality "1"]
[TimeControl "40/5400+30:1800+30"]

1. d4 Nf6 2. Bf4 d5 3. e3 c5 4. c3 Nc6 5. Nd2 Bf5 6. a4 a6 7. Ngf3 e6 8. Be2 {[%emt 0:03:51] Die Stellung ist ausgeglichen.} Rc8 9. O-O cxd4 10. exd4 Nd7 11. b4 Ne7 12. Qb3 Ng6 13. Be3 Be7 14. h3 O-O 15. Rac1 Nf6 16. Ne5 h5 17. g4 $2 (17. Qb2 $11 {und Weiss steht sicher.}) 17... hxg4 $19 18. hxg4 Nxe5 19. gxf5 Neg4 {[%emt 0:00:48] Hervorragende Reitkunst.} 20. Bf4 (20. Qc2 $142) 20... Bd6 (20... exf5 21. Qc2 $19) (20... Nh5 $19 21. Be5 Bg5 (21... exf5 $2 22. Bxg4 fxg4 23. Rfe1 $19)) 21. Bg5 $17 {[%emt 0:00:15] [#] Und jetzt Bxg4 wäre schön.} exf5 {[%emt 0:00:41] Zielt auf ...Bb8 ab.} 22. Qb1 $2 (22. Bxg4 $17 {war nötig.} fxg4 23. Kg2) 22... Qd7 $19 23. f3 $2 (23. Qd3 {ist eine bessere Verteidigung.}) 23... Nh7 24. fxg4 Nxg5 25. Qxf5 Qe7 (25... Qxa4 $2 26. Qxg5 Qd7 27. Bf3 $18 (27. Qxd5 $2 Bh2+ 28. Kxh2 Qxd5 $19)) 26. Qd3 {[%emt 0:02:00] Lässt Nh3+ nicht zu} Rfe8 27. Rfe1 Qe3+ (27... Bf4 $142 28. Bf1 Qf6 (28... Qxe1 $2 29. Rxe1 Rxe1 30. Nf3 $19)) 28. Kg2 $2 (28. Qxe3 Rxe3 29. Nf1 Rexc3 30. Rxc3 Rxc3 31. b5) 28... Nh3 $2 (28... Qf4 {( -> ...Qh2+)} 29. Nf1 g6) 29. Qxe3 Rxe3 30. Bf3 Nf4+ ({Jedoch nicht} 30... Rexc3 31. Rxc3 Nf4+ 32. Kf2 Rxc3 33. Re8+ Kh7 34. Bd1) 31. Kf1 Rd3 ({Finger weg von} 31... Rexc3 32. Rxc3 Rxc3 33. Re8+ Kh7 34. Be2 $19) 32. Red1 Rcxc3 33. Rxc3 Rxc3 34. b5 Rd3 35. bxa6 bxa6 36. Kf2 Rxd4 37. Nf1 Rxa4 38. Bxd5 Nxd5 39. Rxd5 {[%emt 0:00:01][%mdl 4096] Endspiel. KRB-KRN} Bf4 40. Kf3 f6 41. Nd2 Bxd2 42. Rxd2 {[%emt 0:00:01] KR-KR} Kf7 {[%emt 0:00:42] Droht stark ...Kg6.} 43. Rd7+ Kg6 44. Rb7 a5 45. Ra7 Ra1 46. Kg3 {[%emt 0:00:53] [#]} (46. g5 $19 fxg5 (46... Kxg5 $2 47. Rxg7+ Kh6 48. Rg8 $19) 47. Ra8) 46... a4 47. Kg2 a3 48. Ra5 a2 49. Kh2 Kh7 50. Ra7 Kg8 51. Kg2 g6 52. Ra8+ Kf7 53. Ra7+ Ke6 54. Ra5 Kd6 55. Kh2 Kc6 56. Ra6+ Kb5 57. Ra8 Kc4 58. Kg2 Kb3 (58... f5 $142 59. Rc8+ Kd4 60. Rd8+ Ke5 61. Ra8 f4 (61... fxg4 $2 62. Ra5+ Kf4 63. Kh2 $19) 62. Re8+ Kf6 63. Ra8 f3+ 64. Kxf3 Rf1+ 65. Kg2 a1=Q (65... a1=R 66. Rf8+ Kg5 67. Rh8 $19) 66. Rf8+ Kg5 67. Rxf1 Qxf1+ 68. Kxf1 Kxg4 69. Kg2 g5 70. Kh2 Kf3 71. Kh3 g4+ 72. Kh2 Kf2 73. Kh1 Kg3 74. Kg1 Kh3 75. Kf2 g3+ 76. Kf1 Kh2 77. Ke2 g2 78. Kd3 g1=Q (78... g1=B 79. Ke4 $11) 79. Kc4 Kg3 80. Kd5 Kf4 81. Kd6 Qd4+ 82. Kc7 Qc5+ 83. Kb8 Ke5 84. Kb7 Kd6 85. Ka6 Qb4 86. Ka7 Kc7 87. Ka8 Qb8#) 59. Rb8+ Kc3 60. Ra8 Rd1 {[%emt 0:00:00] Gewichteter Fehlerwert: Weiß=0.64/Schwarz=0.42.  Verlustzug:     	Weiß=1     	---        Gewinn verpasst:   	---       	Schwarz=1     Fehler:       	Weiß=5     	Schwarz=2     Ungenau:       	Weiß=3     	Schwarz=2     OK:         	Weiß=13    	Schwarz=18    Bester:       	Weiß=2     	Schwarz=4} 0-1

[Event "Reykjavik Open 2024"]
[Site "Reykjavik"]
[Date "2024.03.18"]
[Round "5.11"]
[White "Ivanchuk, Vasyl"]
[Black "Lu, Miaoyi"]
[Result "1/2-1/2"]
[ECO "B45"]
[WhiteElo "2625"]
[BlackElo "2392"]
[Annotator "TA"]
[PlyCount "43"]
[EventDate "2024.03.12"]
[EventCountry "ISL"]
[SourceTitle "playchess.com"]
[Source "ChessBase"]
[SourceQuality "1"]
[TimeControl "40/5400+30:1800+30"]

1. e4 c5 2. Nf3 e6 3. d4 cxd4 4. Nxd4 Nf6 5. Nc3 Nc6 6. Ndb5 Bb4 7. a3 Bxc3+ 8. Nxc3 d5 9. exd5 exd5 10. Bd3 O-O 11. O-O Bg4 12. Ne2 {[%emt 0:01:53] The position is equal.} (12. f3 $5 Bh5 13. Bg5 $14) 12... Re8 13. Bg5 Nd4 14. f3 Nxe2+ 15. Bxe2 {[%emt 0:00:03][%cal Og5f6] [#] Strongly threatening Bxf6! A strong pair of Bishops.} Bf5 16. Kh1 Qb6 17. Bd3 Bxd3 18. Qxd3 Qxb2 19. Rab1 Qe5 20. Bxf6 Qxf6 21. Rxb7 Qc6 22. Rb5 {[%emt 0:03:25] Not much happened in this game.   Weighted Error Value: White=0.05 (flawless) /Black=0.02 (flawless) .  OK:         	White=4     	Black=6      Best:        	White=2     	---} 1/2-1/2

[Event "Reykjavik Open 2024"]
[Site "Reykjavik"]
[Date "2024.03.18"]
[Round "5.12"]
[White "Maze, Sebastien"]
[Black "Thorhallsson, Throstur"]
[Result "1-0"]
[ECO "B51"]
[WhiteElo "2551"]
[BlackElo "2388"]
[Annotator "TA"]
[PlyCount "109"]
[EventDate "2024.03.12"]
[EventCountry "ISL"]
[SourceTitle "playchess.com"]
[Source "ChessBase"]
[SourceQuality "1"]
[TimeControl "40/5400+30:1800+30"]

1. e4 c5 2. Nf3 d6 3. Bb5+ Nd7 4. a4 Ngf6 5. Nc3 e6 6. d4 {[%emt 0:02:13] B51: Sicilian: Moscow Variation (3 Bb5+) without 3...Bd7.} cxd4 7. Qxd4 Be7 8. a5 a6 9. Be2 O-O 10. O-O h6 11. Rd1 Qc7 12. h3 Ne5 $146 ({Predecessor:} 12... Rd8 13. Be3 e5 14. Qc4 Qxc4 15. Bxc4 Re8 16. Nd2 Nf8 17. Nd5 Nxd5 18. Bxd5 Nd7 {½-½ Livaic,L (2543)-Novosel,L (2370) CRO-ch Zagreb 2023 (4)}) 13. Nxe5 dxe5 14. Qe3 Bd7 15. Qg3 Kh7 16. Be3 Bc5 17. Bxc5 Qxc5 18. Qd3 Bc6 19. Qd6 Qxd6 20. Rxd6 Rfd8 21. Rad1 Rxd6 22. Rxd6 Kg8 23. f3 Kf8 24. Kf2 Ke7 25. Rd2 Rc8 26. Ke3 Ne8 27. Nb1 Nd6 28. b3 f5 29. Bd3 g5 30. c4 Rf8 31. Nc3 h5 32. b4 g4 33. hxg4 hxg4 34. c5 Nb5 (34... f4+ $11 35. Ke2 gxf3+ 36. gxf3 Nf7) 35. Bxb5 $16 f4+ $2 {[%emt 0:00:44] [#]} (35... axb5 $16 36. fxg4 Rg8) 36. Ke2 $1 $18 (36. Kd3 axb5 37. Ke2 Rg8 $11) 36... gxf3+ 37. gxf3 ({Not} 37. Kf2 axb5 38. gxf3 Rh8 $16) 37... axb5 38. Rd6 Rc8 39. Nd1 Rg8 40. Nf2 Rg1 41. a6 Ra1 {[%emt 0:32:07] [#]} 42. axb7 $1 Bxb7 43. Ng4 Ra2+ 44. Rd2 Ra4 $2 (44... Ra8 45. Rd6 (45. Nxe5 Kf6 $18) 45... Ra2+ 46. Kd1 Ra3 47. Nxe5 Bc8) 45. Nxe5 $18 Bc8 46. c6 Ra7 47. Ng6+ Kf6 48. Nxf4 Rc7 (48... Ra6 {was necessary.} 49. Rc2 (49. Rd6 Ke5 $18) 49... Ke5) 49. Rc2 $18 Ke5 50. Nd3+ Kd4 51. Nc1 Ra7 52. Nb3+ Ke5 53. Na5 Rh7 54. Rd2 Rh2+ 55. Ke3 1-0

[Event "Reykjavik Open 2024"]
[Site "Reykjavik"]
[Date "2024.03.18"]
[Round "5.13"]
[White "Jacobsen, Mikkel Manosri"]
[Black "Yilmazyerli, Mert"]
[Result "0-1"]
[ECO "A13"]
[WhiteElo "2367"]
[BlackElo "2526"]
[Annotator "TA"]
[PlyCount "56"]
[EventDate "2024.03.12"]
[EventCountry "ISL"]
[SourceTitle "playchess.com"]
[Source "ChessBase"]
[SourceQuality "1"]
[TimeControl "40/5400+30:1800+30"]

1. c4 Nf6 2. g3 e6 3. Bg2 d5 4. Nf3 dxc4 5. Qa4+ Nbd7 6. Qxc4 a6 7. Qc2 c5 8. Nc3 Qc7 9. d4 b5 10. Bf4 Qb6 {[%emt 0:03:36] Die Stellung ist ausgeglichen.} 11. Ne5 Bb7 12. Nxd7 Nxd7 13. d5 Nf6 14. e4 exd5 15. e5 ({Günstiger ist} 15. Nxd5 $11 Bxd5 16. exd5) 15... d4 $1 $15 16. O-O-O $2 {[%emt 0:37:12] Verliert die Partie.} (16. O-O $1 $15 Nh5 (16... Bxg2 17. exf6 O-O-O 18. Kxg2 $16) 17. Na4 (17. Nd5 Bxd5 18. Bxd5 Rd8 $17) 17... bxa4 18. Qxa4+ Kd8 19. Bd2) 16... Bxg2 $19 17. exf6 {[%emt 0:06:09] Rhe1+ ist eine echte Drohung.} O-O-O (17... dxc3 $2 18. Rhe1+ $18) 18. Qf5+ {[%emt 0:04:55] [#]} (18. Rhg1 $142 g5 19. Qf5+ Kb7 20. Rxg2 gxf4 21. Ne4) 18... Qe6 $1 (18... Kb7 19. fxg7 Bxg7 20. Rhe1 $17 (20. Qxf7+ Ka8 $15)) 19. fxg7 Qxf5 ({Nicht} 19... Bxg7 20. Qxc5+ Qc6 21. Qf5+ Rd7 22. Rhe1 $19) 20. gxh8=Q {[%emt 0:00:11][%cal Oh1e1] [#] Rhe1! wäre nun fies.} Bh6 $1 21. Qxd8+ Kxd8 22. Rhe1 (22. Bxh6 $142 Bxh1 23. Rxh1 dxc3 24. Rd1+ Ke7 25. Bf4) 22... Bxf4+ 23. gxf4 Qxf4+ 24. Rd2 Kc7 25. Ne2 Qxf2 26. Red1 Qe3 {[%emt 0:00:30] Und ...Bf3 würde nun gewinnen.} 27. Kb1 Bf3 28. Nc3 dxc3 {[%emt 0:00:06] Gewichteter Fehlerwert: Weiß=1.03/Schwarz=0.04 (makellos) .  Verlustzug:     	Weiß=1     	---        Fehler:       	Weiß=3     	---        Ungenau:       	Weiß=2     	Schwarz=2     OK:         	Weiß=4     	Schwarz=5     Bester:       	Weiß=2     	Schwarz=2     Stark:        	---       	Schwarz=2} 0-1

[Event "Reykjavik Open 2024"]
[Site "Reykjavik"]
[Date "2024.03.18"]
[Round "5.14"]
[White "Gokerkan, Cem Kaan"]
[Black "Heimisson, Hilmir Freyr"]
[Result "0-1"]
[ECO "C65"]
[WhiteElo "2523"]
[BlackElo "2355"]
[Annotator "TA"]
[PlyCount "50"]
[EventDate "2024.03.12"]
[EventCountry "ISL"]
[SourceTitle "playchess.com"]
[Source "ChessBase"]
[SourceQuality "1"]
[TimeControl "40/5400+30:1800+30"]

1. e4 e5 2. Nf3 Nc6 3. Bb5 Nf6 4. d3 Bc5 5. Nbd2 O-O 6. Bxc6 bxc6 7. Nxe5 Re8 8. Ng4 {[%emt 0:08:15] The position is equal.} Nxg4 9. Qxg4 d5 10. Qh5 dxe4 11. Qxc5 (11. dxe4 {simplifies} Qd5 12. Qe2 Qg5 13. O-O) 11... exd3+ 12. Kd1 (12. Kf1 $11) 12... dxc2+ $1 $17 13. Kxc2 {[%emt 0:00:08][%cal Od2f3] [#] Black must now prevent Nf3!} Qf6 14. a4 {[%emt 0:09:06] [#]} (14. f3 $17 Re2 15. Rg1) 14... Rb8 $2 ({Black should try} 14... Bf5+ $1 $19 15. Kb3 Rad8) 15. Ra3 {[%emt 0:02:45][%cal Oc2d1] aiming for Kd1!} (15. Qxa7 $2 Bf5+ 16. Kd1 Rxb2 17. Bxb2 Qxb2 $19) 15... Qg6+ 16. Kc3 (16. Rd3 $2 Bf5 (16... Qxg2 $2 17. Re1 $18) 17. b4 Bxd3+ $19) (16. Kd1 $1 $11 {was the only way to keep the balance.} Qxg2 17. Rf1 (17. Re1 $2 Rxe1+ 18. Kxe1 Qh1+ 19. Nf1 Ba6 $19) 17... Bg4+ 18. Kc2) 16... Qxg2 {[%emt 0:04:17] Black is more active.} (16... Rd8 $17 17. b4 (17. Qxa7 $2 Qd3#) 17... a5) 17. Rd1 $11 Bg4 18. f3 $1 Qe2 $40 {[%emt 0:01:54][%mdl 128] Black is up to no good. The board is on fire.} 19. Rg1 {[%emt 0:00:01][%mdl 8192] Now White is beyond hope.} (19. Kc2 $15 Re5 20. Qxe5 Qxe5 21. fxg4) 19... Re5 $19 20. Qxa7 Re3+ 21. Kd4 Rd8+ (21... Rb4+ $142 22. Kc5 Rb5+ 23. axb5 Qxb5+ 24. Kd4 Qe5+ 25. Kc4 Be6+ 26. Kb4 Qb5#) 22. Kc5 Rxa3 23. Qxc7 Qe3+ {[%emt 0:02:04] Black mates.} ({Not} 23... Rxd2 24. Qb8+ (24. bxa3 Qe3+ 25. Kb4 Rd4+ 26. Ka5 Qc3+ 27. Ka6 Qc4+ 28. Kb6 Qb3+ 29. Kc5 Rd5+ 30. Kxc6 Bd7+ 31. Qxd7 Qc4+ 32. Kb6 Qc5+ 33. Ka6 Qa5+ 34. Kb7 Rxd7+ 35. Kc6 Rc7+ 36. Kd6 Qc5#) (24. bxa3 Qe3+ 25. Kb4 Rd4+ 26. Ka5 Qc3+ 27. Ka6 Qc4+ 28. Kb7 Qb3+ 29. Qb6 Rd7+ 30. Ka6 Qc4+)) 24. Kb4 Rd4+ ({Worse is} 24... Qxg1 25. Qxd8#) 25. Nc4 Qb3+ {[%emt 0:00:15] Weighted Error Value: White=1.12/Black=0.42.  Loses game:     	White=1     	---        Missed win:     	---       	Black=1      Mistake:       	White=3     	Black=1      Inaccurate:     	White=2     	Black=1      OK:         	White=2     	Black=6      Best:        	White=1     	Black=2      Strong:       	White=1     	Black=1} 0-1

[Event "Reykjavik Open 2024"]
[Site "Reykjavik"]
[Date "2024.03.18"]
[Round "5.15"]
[White "Suleymenov, Alisher"]
[Black "Lohia, Sohum"]
[Result "1-0"]
[ECO "E05"]
[WhiteElo "2506"]
[BlackElo "2354"]
[Annotator "TA"]
[PlyCount "67"]
[EventDate "2024.03.12"]
[EventCountry "ISL"]
[SourceTitle "playchess.com"]
[Source "ChessBase"]
[SourceQuality "1"]
[TimeControl "40/5400+30:1800+30"]

1. d4 Nf6 2. c4 e6 3. Nf3 d5 4. g3 Be7 5. Bg2 O-O 6. O-O dxc4 7. Qa4 b6 8. Ne5 Qxd4 9. Bxa8 {[%emt 0:00:08] The position is equal.} Qxe5 10. Bf3 Nd5 11. Nc3 (11. Qxc4 $5 Bf6 12. Nd2 $11) 11... Nxc3 12. bxc3 Qxc3 (12... Ba6 {simplifies} 13. Bd2 Bd6 14. Rab1 Qf6) 13. Qxa7 $1 Qxa1 {[%emt 0:26:01] [#]} (13... Bd6 $11 14. Rb1 Na6) 14. Bg5 $1 $16 Qxf1+ 15. Kxf1 Bxg5 16. Qxb8 e5 {[%emt 0:20:56] And now ...Bh3+ would win.} 17. Qxc7 Bh3+ 18. Bg2 Rc8 $2 {[%emt 0:01:40] [#] Black cannot hold the game after this.} (18... Be6 $16 {might work better.}) 19. Qb7 $1 $18 (19. Qxb6 $2 {loses.} c3 20. Bxh3 c2 21. Bxc8 c1=Q+ (21... c1=B $2 {is the wrong capture.} 22. a4 $18) 22. Kg2 Qxc8 $19) ({Weaker is} 19. Qxe5 Bxg2+ 20. Kxg2 h6 $11) 19... Bxg2+ 20. Kxg2 {[%emt 0:00:06][%mdl 4096] Endgame. KQ-KRB} Rf8 21. Qxb6 Bd2 22. Qc6 c3 23. a4 g6 24. a5 {[%emt 0:01:39] Black must now prevent a6.} c2 25. Qxc2 Bxa5 26. Qc5 Bd2 27. Qxe5 h5 $2 (27... Bh6 28. e4 Ra8) 28. f4 {[%emt 0:02:34][%cal Bf2f4,Bf4f5][%mdl 32] White is clearly winning.} Bb4 29. f5 Kh7 (29... gxf5 $142 30. Qxf5 Bc3 31. Qxh5 Bf6 32. Qg4+ Bg7) 30. Qf6 {[%emt 0:00:41] Strongly threatening h4.} Ba3 31. h4 gxf5 32. Qxf5+ Kh6 33. Qd3 Bc1 34. Qc3 {[%emt 0:00:12] Weighted Error Value: White=0.12 (very precise) /Black=0.46.  Loses game:     	---       	Black=1      Mistake:       	---       	Black=3      Inaccurate:     	White=1     	---        OK:         	White=8     	Black=9      Best:        	White=2     	Black=3      Strong:       	White=3     	---} 1-0

[Event "Reykjavik Open 2024"]
[Site "Reykjavik"]
[Date "2024.03.18"]
[Round "5.16"]
[White "Bisby, Daniel L"]
[Black "Hjartarson, Johann"]
[Result "0-1"]
[ECO "C54"]
[WhiteElo "2273"]
[BlackElo "2460"]
[Annotator "TA"]
[PlyCount "110"]
[EventDate "2024.03.12"]
[EventCountry "ISL"]
[SourceTitle "playchess.com"]
[Source "ChessBase"]
[SourceQuality "1"]
[TimeControl "40/5400+30:1800+30"]

1. e4 e5 2. Nf3 Nc6 3. Bc4 Bc5 4. c3 Nf6 5. d4 exd4 6. b4 Be7 7. b5 Na5 8. Bd3 d5 9. e5 Ne4 10. cxd4 Bb4+ 11. Nbd2 Bf5 12. Qe2 Qd7 13. O-O Nc3 14. Qe3 {[%emt 0:01:08] [#]} Bxd3 $1 (14... Nxb5 $2 15. Bxf5 Qxf5 16. a4 $18) 15. Qxd3 Qxb5 16. Qxb5+ Nxb5 17. Rb1 Nc6 18. a3 Bxd2 $1 (18... Nxa3 $6 19. Rxb4 Nxb4 20. Bxa3 $11) 19. Bxd2 Nxa3 (19... Ncxd4 20. Nxd4 Nxd4 21. Rxb7 $17) ({Black should try} 19... a6 {[%cal Oe8c8] Threatens to win with ...0-0-0!} 20. Rb3 (20. a4 Nbxd4 21. Nxd4 Nxd4 $17) 20... Ncxd4 (20... Nbxd4 $2 21. Nxd4 Nxd4 22. Rxb7 $19) 21. Nxd4 Nxd4 22. Rxb7 O-O-O) 20. Rxb7 $17 O-O-O 21. Rb3 $1 Nc4 22. Bg5 Rde8 (22... Rd7 $1 $15) 23. Rb5 $1 $11 h6 24. Be3 Rd8 25. Ra1 Rhe8 26. Rc5 (26. Nh4 $1 $11) 26... Re6 $15 27. Ne1 {[%emt 0:05:27] [#]} f6 ({Better is} 27... a5 $1 $17 {aiming for ...Nb4.} 28. Nd3 Ne7) 28. Nd3 $15 fxe5 29. dxe5 g5 (29... N4xe5 {simplifies} 30. Nxe5 Nxe5 31. Rxa7 Rd7) 30. h4 $1 d4 (30... gxh4 $2 31. Nf4 Rde8 32. Nxe6 (32. Nxd5 N4xe5 $11) (32. Rxd5 Nxe3 33. fxe3 Rxe5 $17) 32... Rxe6 33. Rxd5 $18) 31. Bc1 (31. Bxg5 $11 hxg5 32. Rxc4 Nxe5 33. Nxe5 Rxe5 34. Rxa7) 31... N4xe5 $15 32. Nxe5 Nxe5 33. Rxa7 c6 (33... gxh4 $2 34. Ra8+ (34. Rcxc7+ Kb8 $18) 34... Kd7 35. Rd5+ Rd6 36. Rxd8+ (36. Rxe5 $2 Rxa8 37. Kh2 d3 $19) 36... Kxd8 37. Rxe5 $18) (33... Rc6 $17 34. Rxc6 Nxc6 35. Ra8+ Kd7 36. Rxd8+ Nxd8 (36... Kxd8 37. hxg5 hxg5 38. Bxg5+ Kd7 39. f4 $11) 37. hxg5 hxg5 38. Bxg5 Ne6 (38... c5 39. Bxd8 Kxd8 40. f4 $11)) 34. Rca5 (34. hxg5 $11 Nd3 35. Rf5) 34... Nd3 (34... Nc4 $15 {should be considered.} 35. Ra1 (35. Ra8+ Kc7 $14) 35... Rd5 (35... gxh4 36. Bf4 $11)) 35. Ba3 Re1+ 36. Kh2 Nxf2 37. Rf7 $2 (37. Ra8+ $11 Kd7 38. R8a7+ (38. Rxd8+ $2 Kxd8 39. hxg5 hxg5 $19) 38... Kc8 (38... Ke8 39. Rf5 $16) 39. Ra8+ Kd7 40. R8a7+ (40. Rxd8+ $2 Kxd8 41. hxg5 hxg5 $19) 40... Kc8 (40... Ke8 41. Rf5 $16)) 37... Rh1+ $19 38. Kg3 Ne4+ (38... gxh4+ $2 {loses.} 39. Kxf2 Kb8 40. Be7 $18 (40. Bc5 Rb1 $18)) 39. Kg4 Rxh4+ $2 ({Weaker is} 39... gxh4 40. Ra8#) (39... h5+ $19 40. Kxh5 Rxh4+ (40... gxh4 41. Ra8#) 41. Kg6 Rg8+ 42. Kf5 Rf4+ 43. Ke5 Rxf7 44. Ra8+ Kb7 45. Rxg8 Nc3) 40. Kf3 $11 Rd7 41. Rf8+ Kb7 42. Rfa8 $2 (42. g3 $11 {and White is okay.} Nd2+ 43. Kg2) 42... Rf4+ $19 43. Ke2 Nc3+ 44. Kd3 Nb5 45. Bb4 Rg4 46. Rh8 Rg3+ 47. Ke2 Rxg2+ 48. Kf3 Rb2 49. Bc5 Rc2 50. Bb4 Rf7+ 51. Ke4 Re2+ 52. Kd3 Re3+ 53. Kc4 d3 54. Bd2 Re4+ 55. Kb3 Re2 0-1